AoeStats
← 啊超

Black Forest

503164027Analyzed
4v4 RM · 1mo ago on Aug 30, 2026· 88m 22s· 8 players
Game mode
Random Map
Map size
Large (8 player)
Population
200
Speed
Normal
Resources
Standard
Victory
Conquest
Starting age
Dark Age
Ending age
Imperial Age
RankedLock teamsTeams togetherTeam positionsShared explorationLock speedFull tech treeHidden civsTurbo modeCheats
Victory
Defeat
🇨🇳 Bohemians · China
1295
+10
🇹🇼 Britons · Taiwan
1187
+15
🇨🇳 Goths · China
1135
+17
🇨🇳 Franks · China
1007
+23
🇨🇳 Turks · China
1218
-19
🇨🇳 Franks · China
1175
-17
🇿🇦 Teutons · South Africa
1174
-17
🇫🇷 Inca · France
1085
-13
屋顶上的轻骑兵
0:29 Loom
12:58 Feudal Age
18:34 Castle Age
17:59 Double-Bit Axe
18:09 Stone Mining
29:57 Wheelbarrow
29:50 Bow Saw
31:11 Horse Collar
32:29 Heavy Plow
37:13 Pikeman
42:50 Imperial Age
40:50 Scale Mail Armor
42:31 Forging
42:58 Chain Mail Armor
42:40 Man-at-Arms
44:02 Iron Casting
44:36 Hand Cart
44:24 Long Swordsman
46:17 Crop Rotation
45:29 Two-Handed Swordsman
46:34 Conscription
48:07 Blast Furnace
47:31 Fletching
48:44 Chemistry
49:28 Two-Man Saw
48:32 Perfusion
48:40 Champion
50:36 Squires
50:40 Halberdier
52:03 Anarchy
53:07 Padded Archer Armor
53:38 Town Watch
54:29 Caravan
60:02 Elite Huskarl
63:06 Gold Mining
63:51 Stone Shaft Mining
73:01 Ballistics
72:37 Murder Holes
72:42 Bodkin Arrow
73:02 Leather Archer Armor
79:33 Capped Ram
700w
14:06 Feudal Age
18:23 Castle Age
16:53 Double-Bit Axe
22:41 Fortified Wall
24:27 Guard Tower
25:40 Fishing Lines
26:01 Fletching
28:27 Horse Collar
28:58 Bow Saw
29:46 Bodkin Arrow
30:08 Loom
37:58 Heavy Plow
39:11 Wheelbarrow
41:46 Imperial Age
39:55 Wheelbarrow
41:48 Pikeman
42:28 Squires
42:55 Crossbowman
44:04 Padded Archer Armor
45:59 Hand Cart
47:46 Chemistry
53:14 Arbalester
57:43 Elite Skirmisher
65:36 Caravan
67:09 Two-Man Saw
66:12 Bracer
71:38 Leather Archer Armor
71:25 Scale Mail Armor
71:36 Forging
73:10 Ring Archer Armor
72:53 Forging
72:24 Halberdier
74:26 Chain Mail Armor
75:50 Iron Casting
78:49 Plate Mail Armor
79:23 Blast Furnace
精锐磁暴步兵
12:18 Feudal Age
13:00 Double-Bit Axe
12:57 Fishing Lines
18:59 Loom
21:32 Castle Age
20:22 Fishing Lines
22:44 Bow Saw
22:26 Gillnets
25:39 Imperial Age
23:21 Fervor
25:08 Chemistry
25:33 Padded Archer Armor
25:34 Scale Mail Armor
24:55 Pikeman
27:12 Halberdier
28:10 Chain Mail Armor
29:13 Squires
29:50 Leather Archer Armor
31:08 Ring Archer Armor
31:20 Wheelbarrow
30:30 Town Watch
32:19 Two-Man Saw
30:59 Horse Collar
31:54 Ballistics
32:34 Plate Mail Armor
32:39 Arson
33:05 Forging
34:24 Siege Engineers
37:52 Iron Casting
37:53 Fletching
38:25 Hand Cart
38:27 Heavy Plow
39:30 Bombard Tower
41:59 Fortified Wall
44:31 Blast Furnace
44:14 Bodkin Arrow
44:03 Treadmill Crane
45:20 Hussite Reforms
46:46 Conscription
47:37 Block Printing
47:48 Illumination
47:58 Theocracy
47:43 Sanctity
48:25 Redemption
48:50 Theocracy
49:34 Bracer
50:13 Wagenburg Tactics
50:14 Light Cavalry
50:54 Husbandry
51:31 Masonry
52:35 Atonement
51:57 Elite Hussite Wagon
53:53 Houfnice
60:55 Scale Barding Armor
67:03 Chain Barding Armor
67:15 Architecture
67:24 Man-at-Arms
67:35 Capped Ram
69:42 Long Swordsman
77:44 Two-Handed Swordsman
81:23 Champion
帝国种田大户
11:58 Feudal Age
15:53 Castle Age
14:09 Double-Bit Axe
22:00 Bow Saw
26:11 Wheelbarrow
27:16 Scale Barding Armor
31:30 Imperial Age
31:10 Gold Mining
31:10 Stone Mining
33:04 Gold Shaft Mining
32:55 Chain Barding Armor
32:02 Cavalier
33:56 Hand Cart
35:36 Chemistry
34:29 Paladin
35:49 Plate Barding Armor
38:24 Forging
38:49 Husbandry
39:11 Conscription
41:58 Iron Casting
48:09 Hoardings
48:10 Caravan
50:30 #83
49:31 Elite Throwing Axeman
55:04 Blast Furnace
53:54 Fletching
54:05 Padded Archer Armor
59:04 Bodkin Arrow
62:29 Onager
66:58 Leather Archer Armor
68:17 Ballistics
68:10 Fortified Wall
70:23 Elite Skirmisher
Seheiah
10:56 Feudal Age
15:41 Castle Age
15:54 Double-Bit Axe
15:51 Horse Collar
18:51 Bow Saw
24:13 Heavy Plow
24:08 Gold Mining
29:44 Imperial Age
28:20 Gold Shaft Mining
27:51 Scale Mail Armor
28:33 Wheelbarrow
28:25 Squires
28:11 Arson
27:47 Champi Runner
28:24 Pikeman
29:31 Forging
30:11 Chain Mail Armor
29:41 Champi Warrior
31:28 Iron Casting
31:38 Conscription
31:46 Conscription
31:12 Elite Champi Warrior
32:59 Plate Mail Armor
33:34 Blast Furnace
33:33 Hand Cart
33:39 Fabric Shields
33:57 Capped Ram
34:25 Halberdier
38:43 Siege Ram
45:27 Caravan
50:35 Onager
61:19 Hand Cart
PcklRck
0:45 Loom
11:08 Feudal Age
12:01 Double-Bit Axe
18:49 Fletching
20:06 Wheelbarrow
21:52 Castle Age
20:58 Horse Collar
31:57 Bow Saw
34:33 Imperial Age
36:27 Onager
43:02 Chemistry
44:05 Fortified Wall
44:01 Siege Engineers
46:23 Two-Man Saw
45:26 Man-at-Arms
45:52 Gambesons
46:08 Squires
46:00 Arson
46:39 Hand Cart
46:16 Pikeman
46:51 Town Watch
47:01 Gold Mining
47:14 Heavy Plow
48:21 Forging
48:11 Scale Mail Armor
47:57 Halberdier
50:12 Iron Casting
49:57 Masonry
50:09 Chain Mail Armor
50:44 Caravan
52:26 Blast Furnace
52:41 Town Patrol
54:55 Man-at-Arms
56:14 Plate Mail Armor
55:43 Long Swordsman
56:08 Gambesons
57:26 Two-Handed Swordsman
58:16 Gambesons
59:02 Conscription
60:01 Devotion
64:41 Crenellations
64:25 Champion
64:51 Gambesons
65:12 Bodkin Arrow
69:42 Gambesons
啊超
11:08 Feudal Age
16:21 Castle Age
15:18 Double-Bit Axe
16:45 Loom
28:20 Forging
28:16 Scale Barding Armor
28:23 Bow Saw
31:18 Imperial Age
29:11 Husbandry
29:50 Iron Casting
31:25 Chain Barding Armor
31:27 Cavalier
33:10 Wheelbarrow
32:28 Gold Mining
32:41 Stone Mining
33:48 Paladin
35:52 Plate Barding Armor
38:25 Blast Furnace
39:13 Squires
39:18 Scale Mail Armor
41:11 Fletching
41:21 Padded Archer Armor
41:42 Chain Mail Armor
42:13 Bodkin Arrow
41:44 Elite Skirmisher
45:03 Chemistry
44:24 Ballistics
44:28 Arson
44:31 Gambesons
45:33 Gold Shaft Mining
44:44 Light Cavalry
48:28 Coinage
47:59 Caravan
49:48 Banking
57:46 Leather Archer Armor
58:01 Plate Mail Armor
62:52 Conscription
62:54 Chivalry
66:07 Pikeman
73:44 Fortified Wall
LY
0:31 Loom
12:22 Feudal Age
17:57 Castle Age
16:22 Double-Bit Axe
17:35 Gold Mining
18:16 Fletching
18:59 Town Watch
28:18 Bodkin Arrow
31:21 Horse Collar
33:52 Gold Shaft Mining
36:12 Bow Saw
39:02 Heavy Plow
40:33 Wheelbarrow
40:11 Stone Mining
48:41 Imperial Age
47:28 Caravan
47:35 Squires
48:14 Padded Archer Armor
49:59 Conscription
51:06 Two-Man Saw
52:49 Leather Archer Armor
55:39 Ballistics
55:05 Arrowslits
56:56 Ring Archer Armor
57:11 Bracer
58:48 Elite Janissary
61:01 Artillery
62:42 Forging
62:38 Scale Barding Armor
64:31 Iron Casting
64:47 Chain Barding Armor
67:09 Plate Barding Armor
67:35 Blast Furnace
68:33 Hand Cart
68:19 Town Patrol
69:37 Bloodlines
71:25 Husbandry
73:29 Heavy Camel Rider
Connection lost

Rejoining the realm…

Still unreachable

The connection could not be restored.

Session expired

The server has moved on; the page needs a fresh start.